 Dungeon Crawl Stone Soup version 0.20.1-1-g8b1a95d (console) character file.

371 hilaritas the Chiller (level 6, 0/26 HPs)
             Began as a Felid Ice Elementalist on Feb 18, 2018.
             Was an Initiate of Makhleb.
             Slain by hilaritas's ghost (18 damage)
             ... on level 4 of the Dungeon.
             The game lasted 00:22:30 (5539 turns).

hilaritas the Chiller (Felid Ice Elementalist)      Turns: 5539, Time: 00:22:32

Health: 0/26       AC: 10    Str:  5    XL:     6   Next: 42%
Magic:  5/12       EV: 18    Int: 18    God:    Makhleb [......]
Gold:   196        SH:  0    Dex: 16    Spells: 3/12 levels left
                                        Lives:  0   Deaths: 1

rFire    . . .     SeeInvis +     - Unarmed
rCold    . . .     Gourm    .   (shield unavailable)
rNeg     . . .     Faith    .   (armour unavailable)
rPois    .         Spirit   .   (helmet unavailable)
rElec    .         Reflect  .   (cloak unavailable)
rCorr    .         Harm     .   (gloves unavailable)
MR       .....                  (boots unavailable)
Stlth    +++.......             (no amulet)
Regen    0.1/turn               (no ring)
MPRegen  0.2/turn               (no ring)

@: confusing touch, icy armour, quick
A: no armour, no weapons or thrown items, stealth, claws 1, fangs 3, yellow
scales 1, see invisible, carnivore 3, speed 1, mutation resistance 1, shaggy fur
2, slow metabolism 1, sharp paws
a: Renounce Religion


You were on level 4 of the Dungeon.
You worshipped Makhleb.
Makhleb was noncommittal.
You were completely stuffed.

You visited 2 branches of the dungeon, and saw 6 of its levels.

You collected 196 gold pieces.

Inventory:

Scrolls
 c - 5 scrolls of remove curse
 k - 3 scrolls of teleportation
 n - a scroll of fog
Potions
 d - a potion of lignification
 e - a potion of haste
 f - 4 potions of curing
 g - a potion of degeneration {unknown}
 h - a potion of magic {unknown}
 i - 3 potions of mutation
 j - a potion of invisibility {unknown}
 m - a potion of heal wounds {unknown}
 p - a potion of might {unknown}
Books
 a - a book of Frost

   Spells                             Type                      Level
   a - Freeze                         Ice                          1
   b - Throw Frost                    Conjuration/Ice              2
   c - Ozocubu's Armour               Charms/Ice                   3
   d - Throw Icicle                   Conjuration/Ice              4
   e - Summon Ice Beast               Ice/Summoning                4
 l - a book of Cantrips

   Spells                             Type                      Level
   a - Confusing Touch                Hexes                        1
   b - Animate Skeleton               Necromancy                   1
   c - Summon Small Mammal            Summoning                    1
   d - Apportation                    Translocation                1
Comestibles
 b - 4 meat rations
 o - a royal jelly


   Skills:
 - Level 2.0 Fighting
 - Level 3.0 Dodging
 - Level 2.6 Stealth
 * Level 3.2 Unarmed Combat
 + Level 3.7 Spellcasting
 - Level 0.8 Conjurations
 - Level 3.4 Hexes
 - Level 2.0 Charms
 - Level 4.0 Ice Magic
 * Level 1.1 Invocations


You had 3 spell levels left.
You knew the following spells:

 Your Spells              Type           Power        Failure   Level  Hunger
a - Freeze                Ice            ###.         2%          1    None
b - Throw Frost           Conj/Ice       ##....       9%          2    ##.....
c - Ozocubu's Armour      Chrm/Ice       ##......     13%         3    ###....
d - Confusing Touch       Hex            ###...       3%          1    None
e - Summon Small Mammal   Summ           #...         16%         1    None
f - Apportation           Tloc           #.....       16%         1    None


Dungeon Overview and Level Annotations

Branches:
Dungeon (5/15)             Temple (1/1) D:4

Altars:
Ashenzari
Cheibriados
Dithmenos
Elyvilon
Fedhas
Gozag
Hepliaklqana
Kikubaaqudgha
Makhleb
Nemelex Xobeh
Okawaru
Qazlal
Ru
Sif Muna
Trog
Uskayaw
Vehumet
Xom
Yredelemnul
Zin
The Shining One

Annotations:
D:4 hilaritas's ghost, amateur FeBe


Innate Abilities, Weirdness & Mutations

You cannot wear armour.
You are incapable of wielding weapons or throwing items.
Your paws allow you to move quietly. (Stealth)
You have sharp claws.
You have razor-sharp teeth.
You have supernaturally acute eyesight. (SInv)
You are carnivorous and can eat meat at any time.
You cover ground quickly.
You are covered in thick fur. (AC +2)
You have a slow metabolism.
Your sharp claws are effective at attacking unaware monsters.
You are partially covered in yellow scales. (AC +2)
You are somewhat resistant to further mutation.


Message History

Hilaritas's ghost hits your bat.
Your bat dies!
Your bat's corpse disappears in a puff of smoke!
Casting: Summon Small Mammal
Confirm with . or Enter, or press ? or * to list all spells.
Casting: Summon Small Mammal
Confirm with . or Enter, or press ? or * to list all spells.
Your rat completely misses hilaritas's ghost.
Casting: Summon Small Mammal
Confirm with . or Enter, or press ? or * to list all spells.
Your paws begin to glow red.
Your bat closely misses hilaritas's ghost.
Hilaritas's ghost closely misses you.
Your rat bites hilaritas's ghost.
You barely miss hilaritas's ghost.
Hilaritas's ghost is lightly damaged.
Your bat barely misses hilaritas's ghost.
Hilaritas's ghost whispers, "There is no future for you."
Hilaritas's ghost hits you!!
Ouch! That really hurt!
You die...

######## #...#......#.#[#
##......# ##..#.W##..#)..#
........#####.........#####
............#..#......#
............##.#.######
............##...########
............###.........[
..###...............##### #
..# #..........r.......# .#
..# #...........Wb..##.# #.#
..# #...........@...# ....
..###...........>...####.###.#
..........####...............#
#.........# #..........##
#.........# ##..........###
#...##8..8##..............#
#...#_...._###..........#.#
#...###..### #..........#.#
#...#_....# #..........# #
#...###..## #..........#
#...##....# #..........'.


You could see hilaritas's ghost, a friendly bat and a friendly rat.

Vanquished Creatures
  A phantom (D:4)
  An ogre (D:4)
  An orc priest (D:4)
  3 orc wizards
  2 worker ants (D:4)
  A hound zombie (D:3)
  A gnoll (D:1)
  6 adders
  2 oozes
  2 worms
  2 leopard geckos (D:3)
  19 orcs
  9 bats
  6 giant cockroaches
  8 goblins
  3 hobgoblins
  8 jackals
  10 kobolds
  2 ball pythons (D:2)
  5 frilled lizards
  7 rats
99 creatures vanquished.

Vanquished Creatures (collateral kills)
  A centaur skeleton (D:4)
1 creature vanquished.

Grand Total: 100 creatures vanquished

Notes
Turn   | Place    | Note
-------+----------+-------------------------------------------
     0 | D:1      | hilaritas the Felid Ice Elementalist began the quest for the Orb.
     0 | D:1      | Reached XP level 1. HP: 7/7 MP: 4/4
   310 | D:1      | Reached skill level 3 in Ice Magic
   388 | D:1      | Reached XP level 2. HP: 12/12 MP: 1/6
   395 | D:1      | Learned a level 2 spell: Throw Frost
   519 | D:1      | Reached skill level 1 in Fighting
   730 | D:1      | Reached XP level 3. HP: 15/15 MP: 3/7
   745 | D:1      | Learned a level 3 spell: Ozocubu's Armour
  1720 | D:2      | Reached skill level 4 in Ice Magic
  1755 | D:2      | Reached XP level 4. HP: 19/19 MP: 6/8
  1970 | D:2      | Reached skill level 1 in Charms
  2152 | D:3      | Reached skill level 1 in Unarmed Combat
  2443 | D:3      | Reached XP level 5. HP: 11/22 MP: 0/9
  2695 | D:3      | Gained mutation: You are somewhat resistant to further mutation. [potion of mutation]
  2695 | D:3      | Gained mutation: You are partially covered in yellow scales. (AC +2) [potion of mutation]
  2812 | D:3      | Learned a level 1 spell: Confusing Touch
  3553 | D:3      | Learned a level 1 spell: Summon Small Mammal
  3555 | D:3      | Learned a level 1 spell: Apportation
  3611 | D:4      | Found a staircase to the Ecumenical Temple.
  3619 | Temple   | Entered the Ecumenical Temple
  3744 | Temple   | Became a worshipper of Makhleb the Destroyer
  3875 | D:4      | Reached skill level 1 in Hexes
  4206 | D:4      | Noticed an ogre
  4216 | D:4      | Killed an ogre
  4216 | D:4      | Gained mutation: You are covered in thick fur. (AC +2) [Felid growth]
  4216 | D:4      | Reached XP level 6. HP: 4/26 MP: 9/11
  4719 | D:4      | Killed from afar by an orc priest
  4720 | D:4      | Reached XP level 5. HP: -2/22 MP: 6/10
  5051 | D:4      | Reached XP level 6. HP: 7/26 MP: 5/12
  5299 | D:4      | Found a stormy altar of Qazlal.
  5301 | D:4      | Found a glowing golden altar of the Shining One.
  5308 | D:4      | Found a glowing silver altar of Zin.
  5309 | D:4      | Found a sacrificial altar of Ru.
  5309 | D:4      | Found a radiant altar of Vehumet.
  5441 | D:4      | Reached skill level 1 in Invocations
  5454 | D:4      | Noticed hilaritas's ghost (amateur FeBe)
  5458 | D:5      | Entered Level 5 of the Dungeon
  5458 | D:5      | Noticed a two-headed ogre
  5539 | D:4      | Slain by hilaritas's ghost

Skill      XL: |  1  2  3  4  5  6 |
---------------+-------------------+-----
Ice Magic      | 3 4 |  4.0
Fighting       | 1 2 |  2.0
Charms         | 2 |  2.0
Unarmed Combat | 1 2 3 |  3.2
Hexes          | 3 |  3.4
Dodging        | 3 |  3.0
Spellcasting   | 3 |  3.7
Invocations    | 1 |  1.1
Stealth        | |  2.6
Conjurations   | |  0.8

Action                   |  1- 3 |  4- 6 || total
-------------------------+-------+-------++-------
Melee: Unarmed           |    21 |   236 ||   257
       Bite              |       |    19 ||    19
       Punch             |       |     2 ||     2
 Cast: Freeze            |    49 |    71 ||   120
       Throw Frost       |     4 |     4 ||     8
       Ozocubu's Armour  |       |     9 ||     9
       Confusing Touch   |       |    32 ||    32
       Summon Small Mamm |       |    12 ||    12
  Use: Scroll            |     4 |     5 ||     9
       Potion            |       |     2 ||     2
 Stab: Sleeping          |     7 |     3 ||    10
       Confused          |       |    15 ||    15
       Distracted        |       |     1 ||     1
  Eat: Chunk             |    10 |    15 ||    25
Armor: Skin              |     2 |    26 ||    28
Dodge: Dodged            |    75 |   216 ||   291
